 Dungeon Crawl Stone Soup version 0.17-a0-1313-ge10e169 (webtiles) character file.

80504 tinkerttoy the Fencer (level 15, -11/138 HPs)
             Began as a Minotaur Fighter on June 9, 2015.
             Was the Champion of the Shining One.
             Mangled by an iron troll (21 damage)
             ... on level 4 of the Orcish Mines.
             The game lasted 01:00:45 (21551 turns).

tinkerttoy the Fencer (Minotaur Fighter)           Turns: 21551, Time: 01:00:46

Health: -11/138    AC: 26    Str: 27    XL:     15   Next: 24%
Magic:  27/27      EV: 13    Int: 10    God:    the Shining One [******]
Gold:   1922       SH: 18    Dex: 18    Spells: 0 memorised, 18 levels left

rFire  . . .     SeeInvis .     I - +2 scimitar (flame)
rCold  . . .     Clarity  .     q - +2 plate armour
rNeg   + + +     SustAt   .     c - +3 shield
rPois  +         Gourm    .     P - +3 hat of Pondering {ponderous, MR+ MP+10 Int+5}
rElec  .         Spirit   .     p - +2 cloak {+Inv}
rCorr  .         Warding  +     O - +0 pair of gloves {Dex+3}
rMut   .         Stasis   .     (no boots)
MR     ++...                    f - amulet of warding
Stlth  ..........               (no ring)
                                g - ring of poison resistance

@: mighty, very slightly contaminated, hasted, glowing, very quick, very
resistant to hostile enchantments, extremely unstealthy
A: retaliatory headbutt, horns 2
a: Divine Shield, Cleansing Flame, Summon Divine Warrior, Renounce Religion,
Evoke Invisibility


You were on level 4 of the Orcish Mines.
You worshipped the Shining One.
The Shining One was exalted by your worship.
You were not hungry.

You visited 4 branches of the dungeon, and saw 26 of its levels.

You collected 2221 gold pieces.
You spent 299 gold pieces at shops.

Inventory:

Hand weapons
 I - a +2 scimitar of flaming (weapon)
Missiles
 s - 12 tomahawks (quivered)
 B - 4 throwing nets
Armour
 c - a +3 shield (worn)
 p - a +2 cloak of invisibility (worn)
 q - a +2 plate armour (worn)
 O - a +0 pair of gloves of dexterity (worn)
 P - the +3 hat of Pondering (worn) {ponderous, MR+ MP+10 Int+5}
   (You took it off Gastronok on level 2 of the Lair of Beasts)

   It affects your intelligence (+5).
   It affects your resistance to hostile enchantments.
   It affects your magic capacity (+10).
Jewellery
 f - an amulet of warding (around neck)
 g - a ring of poison resistance (left hand)
 y - an uncursed ring of ice
 z - a +5 ring of evasion
 A - an uncursed ring of fire
 E - a cursed amulet of inaccuracy {unknown}
Magical devices
 i - a wand of flame (28)
 o - a wand of confusion (22)
 r - a wand of cold (8)
 H - a wand of disintegration (14)
 K - a wand of random effects (30)
 N - a wand of digging (11)
Scrolls
 a - a scroll of recharging
 b - 2 scrolls of amnesia
 h - a scroll of fear
 k - 8 scrolls of remove curse
 t - 7 scrolls of teleportation
 v - a scroll of identify
 F - a scroll of enchant armour
 G - 2 scrolls of blinking
Potions
 l - 5 potions of brilliance
 m - 3 potions of resistance
 n - 6 potions of curing
 u - 4 potions of agility
 J - a potion of flight
 L - a potion of might
 M - 2 potions of cancellation
 X - 2 potions of lignification
Miscellaneous
 x - a sack of spiders
 R - a phial of floods
 Y - a fan of gales
Comestibles
 d - 9 slices of pizza
 e - 10 bread rations
 j - 10 fruits
 w - a beef jerky
 D - 11 meat rations


   Skills:
 + Level 14.0 Fighting
 + Level 16.4 Long Blades
 + Level 3.2 Throwing
 + Level 12.9 Armour
 + Level 7.8 Dodging
 + Level 2.1 Stealth
 + Level 16.3 Shields
 + Level 3.5 Unarmed Combat
 + Level 2.1 Spellcasting
 + Level 3.2 Invocations
 + Level 2.9 Evocations


You had 18 spell levels left.
You didn't know any spells.

Dungeon Overview and Level Annotations

Branches:
Dungeon (13/15)            Temple (0/1) D:5            Lair (8/8) D:11
  Swamp (0/4) Lair:5        Snake (0/4) Lair:4        Slime (1/6) Lair:6
    Orc (4/4) D:12            Elf (0/3) Orc:3
 Vaults: D:13-14

Altars:
Ashenzari
Trog
Zin
The Shining One
Beogh

Shops:
D:6 [   D:9 =   D:10 =   Orc:3 (   Orc:4 %

Portals:
Bailey: D:8

Annotations:
Orc:4 Donald


Innate Abilities, Weirdness & Mutations

You reflexively headbutt those who attack you in melee.
You have a pair of horns on your head.


Message History

The ogre mage is heavily wounded.
You block the ogre mage's attack. You block the two-headed ogre's attack.
The two-headed ogre hits you but does no damage.
An ogre comes into view. It is wielding a giant club.
You slash the ogre mage! You burn the ogre mage. You headbutt the ogre mage!
The ogre mage is almost dead.
The two-headed ogre misses you. The two-headed ogre closely misses you.
You block the orc warrior's attack.
The orc wizard mumbles some strange words.
You feel troubled.
A goblin comes into view.
Drink which item? (? for menu, Esc to quit)
You feel very mighty all of a sudden.
The goblin shouts!
You block the hobgoblin's attack.
The orc priest calls down the wrath of Beogh upon you.
Something smites you!
* * * LOW HITPOINT WARNING * * *
The iron troll bites you!!
You die...

##..∩...oog
##........CO
##.....o.oCo.
#........O...
#....ToOCO...
#...OTOT#o.o.


#.OOOCOOT... ##@TOOT.# ##OgOO.T## #..(OoO.O# ##.###....# ## #..## ### You could
see an iron troll, 2 hill giants, 2 ogre magi, a deep troll, 2 cyclopes, 5
trolls, 6 two-headed ogres, an orc warrior, 11 ogres, an orc priest, an orc
wizard, 6 orcs, a hobgoblin and a goblin.

Vanquished Creatures
  Gastronok (Lair:2)
  2 azure jellies (Slime:1)
  Nessos (Orc:3)
  Azrael (D:13)
  An ettin (Orc:1)
  Snorg (Orc:3)
  Josephine (Lair:4)
  5 hydras
  Harold (Lair:4)
  Erolcha (Orc:2)
  Erica (D:9)
  The ghost of tinkerttoy the Blocker, an experienced MiFi of the Shining One (D:11)
  5 death yaks (Lair:6)
  The ghost of veccon the Blocker, an experienced MiFi of Okawaru (D:8)
  2 hill giants (D:12)
  2 cyclopes
  4 griffons
  17 elephants
  Maurice (D:8)
  A gargoyle (D:13)
  5 black mambas
  4 komodo dragons
  A fire drake (Lair:2)
  17 spiny frogs
  A spriggan druid (Lair:8)
  A two-headed ogre (D:11)
  2 trolls (D:10)
  7 polar bears
  16 blink frogs
  2 boulder beetles
  6 slime creatures
  The ghost of thorgi the Cutter, an average HaMo (D:4)
  51 yaks
  5 wraiths
  A human (D:8)
  12 redbacks (Lair:8)
  4 basilisks
  6 wyverns
  2 shadows
  2 vampires (D:13)
  3 deep elf magi
  3 fire elementals (D:13)
  A hungry ghost (D:8)
  14 spriggans
  36 wolves
  A warg (Orc:2)
  9 hippogriffs
  2 hell hounds (D:13)
  2 nagas (Lair:4)
  A swamp worm (Lair:5)
  The ghost of MegaGrubby the Cudgeler, an average GrBe of Trog (D:3)
  16 porcupines
  A phantom (D:4)
  16 water moccasins
  2 sky beasts
  8 orc warriors
  6 ice beasts
  8 black bears
  9 ogres
  An eye of draining (D:8)
  7 centaurs
  24 giant frogs
  3 wasps (Lair:8)
  12 crocodiles
  Blork the orc (D:5)
  5 big kobolds
  2 scorpions
  A wyvern skeleton (D:11)
  5 killer bees (D:10)
  4 crimson imps
  4 hounds
  A quasit (D:8)
  3 giant frog skeletons
  3 giant frog zombies
  2 centaur skeletons
  20 orc priests
  6 jellies
  15 orc wizards
  9 iguanas
  8 worker ants
  6 hell rats (Lair:8)
  12 sheep
  2 hound zombies
  A hound skeleton (D:7)
  8 adders
  5 gnolls
  48 river rats
  3 shadow imps
  2 oozes
  2 worms
  2 giant geckos
  113 orcs
  2 bat skeletons
  5 giant cockroaches
  16 goblins
  16 hobgoblins
  12 jackals
  42 kobolds
  A ball python (D:7)
  18 bats
  A giant gecko zombie (D:5)
  3 giant newts
  4 quokkas
  A quokka zombie (D:5)
  16 rats
  2 fungi (Lair:7)
814 creatures vanquished.

Vanquished Creatures (others)
  5 river rats (Lair:6)
  An orc (Orc:2)
  A giant cockroach (D:5)
  6 fungi
  A plant (Lair:6)
14 creatures vanquished.

Grand Total: 828 creatures vanquished

Notes
Turn   | Place    | Note
--------------------------------------------------------------
     0 | D:1      | tinkerttoy the Minotaur Fighter began the quest for the Orb.
     0 | D:1      | Reached XP level 1. HP: 19/19 MP: 0/0
   231 | D:1      | Reached XP level 2. HP: 27/27 MP: 1/1
   255 | D:1      | Reached skill level 4 in Shields
   370 | D:1      | Reached XP level 3. HP: 30/33 MP: 2/2
  1456 | D:2      | Reached XP level 4. HP: 40/40 MP: 3/3
  1589 | D:2      | Reached skill level 1 in Dodging
  1933 | D:3      | Noticed MegaGrubby's ghost (average GrBe)
  1950 | D:3      | Killed MegaGrubby's ghost
  1950 | D:3      | Reached skill level 5 in Armour
  1950 | D:3      | Reached skill level 5 in Shields
  1950 | D:3      | Reached XP level 5. HP: 9/47 MP: 4/4
  2248 | D:3      | Reached XP level 6. HP: 40/53 MP: 5/5
  2457 | D:3      | Found a glowing golden altar of the Shining One.
  2465 | D:3      | Became a worshipper of the Shining One
  2654 | D:4      | Noticed thorgi's ghost (average HaMo)
  2674 | D:4      | Killed thorgi's ghost
  2674 | D:4      | Reached skill level 5 in Fighting
  2674 | D:4      | Reached skill level 6 in Shields
  2674 | D:4      | Reached XP level 7. HP: 35/61 MP: 6/6
  3113 | D:4      | Reached skill level 5 in Long Blades
  3465 | D:5      | Entered Level 5 of the Dungeon
  3599 | D:5      | Reached XP level 8. HP: 62/70 MP: 7/7
  3612 | D:5      | Acquired the Shining One's first power
  3863 | D:5      | Noticed Blork the orc
  3877 | D:5      | HP: 3/70 [centaur/arrow (11)]
  3894 | D:5      | Killed Blork the orc
  3894 | D:5      | Reached skill level 7 in Shields
  3961 | D:5      | Found a staircase to the Ecumenical Temple.
  4689 | D:6      | Found Ytetaukue's Armour Shoppe.
  4822 | D:6      | Gained mutation: Your body sometimes deteriorates upon taking damage. [potion of mutation]
  4822 | D:6      | Gained mutation: You occasionally shout uncontrollably at your foes. [potion of mutation]
  5148 | D:6      | Bought a +0 plate armour for 299 gold pieces
  5165 | D:6      | Reached skill level 8 in Fighting
  5165 | D:6      | Reached XP level 9. HP: 79/82 MP: 7/11
  5262 | D:7      | Reached XP level 10. HP: 90/90 MP: 12/12
  5355 | D:7      | Found a glowing silver altar of Zin.
  5355 | D:7      | Found a shattered altar of Ashenzari.
  5560 | D:8      | Noticed Maurice
  5594 | D:8      | Killed Maurice
  5594 | D:8      | Reached skill level 9 in Shields
  5688 | D:8      | Noticed veccon's ghost (experienced MiFi)
  5726 | D:8      | Killed veccon's ghost
  5726 | D:8      | Acquired the Shining One's second power
  5726 | D:8      | Reached skill level 1 in Stealth
  5737 | D:8      | Found a flagged portal.
  5762 | D:8      | Found a bloodstained altar of Trog.
  6604 | D:9      | Gained mutation: Your skin changes colour to match your surroundings (Stealth). [potion of beneficial mutation]
  6636 | D:9      | Found Docs's Jewellery Shoppe.
  6697 | D:9      | Noticed Erica
  6718 | D:9      | Killed Erica
  6718 | D:9      | Reached skill level 10 in Shields
  6861 | D:10     | Entered Level 10 of the Dungeon
  6946 | D:10     | Found Kuni's Jewellery Boutique.
  7113 | D:10     | Reached XP level 11. HP: 12/97 MP: 13/13
  7969 | D:10     | Found a glowing golden altar of the Shining One.
  8193 | D:11     | Noticed tinkerttoy's ghost (experienced MiFi)
  8196 | D:11     | Reached skill level 10 in Long Blades
  8240 | D:11     | Killed tinkerttoy's ghost
  8399 | D:11     | Found a staircase to the Lair.
  8414 | Lair:1   | Entered Level 1 of the Lair of Beasts
  8419 | Lair:1   | Reached skill level 11 in Shields
  8661 | Lair:1   | Reached skill level 10 in Fighting
  8782 | Lair:1   | Reached skill level 10 in Armour
  9808 | Lair:2   | Noticed Gastronok
  9828 | Lair:2   | Killed Gastronok
  9828 | Lair:2   | Reached XP level 12. HP: 90/107 MP: 14/14
 10111 | Lair:2   | Reached skill level 12 in Shields
 10719 | Lair:3   | Noticed a seven-headed hydra
 10732 | Lair:3   | Killed a one-headed hydra
 11376 | Lair:3   | Noticed a four-headed hydra
 11385 | Lair:3   | Killed a one-headed hydra
 12023 | Lair:4   | Found a staircase to the Snake Pit.
 12028 | Lair:4   | Noticed a five-headed hydra
 12046 | Lair:4   | Reached skill level 13 in Shields
 12064 | Lair:4   | Killed a one-headed hydra
 12078 | Lair:4   | Noticed Harold
 12110 | Lair:4   | Killed Harold
 12147 | Lair:4   | Reached XP level 13. HP: 61/116 MP: 15/15
 12722 | Lair:4   | Acquired the Shining One's third power
 12822 | Lair:4   | Noticed Josephine
 12839 | Lair:4   | Killed Josephine
 13348 | Lair:5   | Reached skill level 14 in Shields
 13681 | Lair:5   | Found a staircase to the Swamp.
 14106 | Lair:6   | Found a staircase to the Slime Pits.
 14349 | Lair:6   | Reached XP level 14. HP: 90/127 MP: 16/16
 14724 | Lair:6   | Lost mutation: Your skin changes colour to match your surroundings (Stealth). [potion of cure mutation]
 14724 | Lair:6   | Lost mutation: You occasionally shout uncontrollably at your foes. [potion of cure mutation]
 14724 | Lair:6   | Lost mutation: Your body sometimes deteriorates upon taking damage. [potion of cure mutation]
 15501 | Lair:7   | Acquired the Shining One's fourth power
 15766 | Lair:8   | Entered Level 8 of the Lair of Beasts
 15804 | Lair:8   | Found a labyrinth entrance.
 15891 | Lair:8   | Reached skill level 15 in Long Blades
 16065 | Lair:8   | Reached skill level 15 in Shields
 16852 | Lair:8   | Identified Sif Muna's Almanac of Mutagenic Orientation
 17240 | Slime:1  | Entered Level 1 of the Pits of Slime
 17240 | Slime:1  | Noticed an azure jelly
 17240 | Slime:1  | Noticed an azure jelly
 17240 | Slime:1  | Noticed an azure jelly
 17245 | Slime:1  | Killed an azure jelly
 17249 | Slime:1  | Noticed an azure jelly
 17251 | Slime:1  | Killed an azure jelly
 17260 | Lair:6   | HP: 5/129 [azure jelly (32)]
 17260 | Lair:6   | The Shining One protects you from harm!
 17268 | Lair:6   | HP: 3/129 [azure jelly (8)]
 18346 | D:12     | Found a staircase to the Orcish Mines.
 18568 | D:12     | Reached skill level 16 in Long Blades
 18740 | D:13     | Reached XP level 15. HP: 137/137 MP: 17/17
 19252 | D:13     | Noticed Azrael
 19291 | D:13     | Killed Azrael
 19987 | Orc:1    | Entered Level 1 of the Orcish Mines
 20077 | Orc:1    | Found a roughly hewn altar of Beogh.
 20626 | Orc:2    | Noticed Erolcha
 20640 | Orc:2    | Killed Erolcha
 20986 | Orc:3    | Noticed Nessos
 20993 | Orc:3    | Killed Nessos
 21129 | Orc:3    | Found a staircase to the Elven Halls.
 21266 | Orc:3    | Noticed Snorg
 21278 | Orc:3    | Killed Snorg
 21431 | Orc:3    | Found Nuasueklaro's Antique Weapon Shop.
 21490 | Orc:4    | Entered Level 4 of the Orcish Mines
 21501 | Orc:4    | Noticed Donald
 21548 | Orc:4    | Found Novecs's Food Boutique.
 21551 | Orc:4    | Mangled by an iron troll

Vault maps used:
D:1:      dpeg_arrival_court, serial_park_tiny_1
D:2:      first_bread
D:3:      lemuel_coloured_pillars_altar, patterned_corridor
D:4:      corner_web_ring
D:5:      minmay_temple_entry_enclosed_plants, lexackson_kobold_supper,
          uniq_blork_the_orc
D:6:      serial_shops, nicolae_shop_behind_doors
D:7:      amethyst_overflow_temple_binary
D:8:      enter_bailey_1, grunt_pizzeria, lemuel_statue_altar, uniq_maurice
D:9:      serial_shops, kennysheep_mini, uniq_erica
D:10:     serial_shops, shop, corexii_hall_statues_x,
          nicolae_tso_swordbearing_angel
D:11:     lair_0_dummy
D:12:     david_orc_2
D:13:     minmay_crystal_water, serial_park_tiny_2, uniq_azrael
Lair:2:   uniq_gastronok
Lair:3:   grunt_forest_stairs_clearing
Lair:4:   guppyfry_snake_entry_island, beast_lair_carwin_5, grunt_megastairs_2,
          uniq_harold, uniq_josephine
Lair:5:   minmay_swamp_entry_worms, kennysheep_basilisk_garden
Lair:6:   nicolae_slime_entry_slimehenge, guppyfry_lair_drakes
Lair:7:   serial_bayou_shore_a
Lair:8:   minmay_lair_end_enchanted_forest, lab_entry_generic, minivault_11
Orc:1:    portal_ice_cave_entry_pillars_02, serial_shops,
          nicolae_shop_statue_plus, basic_altar
Orc:2:    statue_in_the_mist_lemuel, nicolae_orc_damp_corner, uniq_erolcha
Orc:3:    serial_shops, nicolae_shop_window_shopping, nicolae_orc_pool_cavern,
          uniq_nessos, uniq_snorg
Orc:4:    st_orc_open, serial_shops, shop, mines1_david, uniq_donald

Action                   |  1- 3 |  4- 6 |  7- 9 | 10-12 | 13-15 || total
-------------------------+-------+-------+-------+-------+-------++-------
Melee: Long sword        |   109 |   152 |   248 |   199 |       ||   708
       Scimitar          |       |       |       |   611 |  1465 ||  2076
       Unarmed           |       |       |       |    12 |       ||    12
Throw: Tomahawk          |       |       |       |       |     5 ||     5
Evoke: Wand              |       |     1 |       |       |       ||     1
  Use: Potion            |       |     1 |    12 |     5 |     8 ||    26
       Scroll            |       |       |    16 |     9 |    14 ||    39
  Eat: Chunk             |     2 |     4 |     8 |    17 |    20 ||    51
       Bread ration      |       |       |     1 |       |     1 ||     2
       Pizza             |       |       |       |     2 |       ||     2
       Meat ration       |       |       |       |     1 |       ||     1
       Beef jerky        |       |       |       |       |     3 ||     3
